 Dungeon Crawl Stone Soup version 0.19-a0-1714-gcab94ab (webtiles) character file.

158 dobroeutro the Ruffian (level 5, -1/41 HPs)
             Began as a Demonspawn Fighter on Sept 28, 2016.
             Slain by a worker ant (5 damage)
             ... on level 4 of the Dungeon.
             The game lasted 00:03:38 (2687 turns).

dobroeutro the Ruffian (Demonspawn Fighter)         Turns: 2687, Time: 00:03:39

Health: -1/41      AC: 12    Str: 18    XL:     5   Next: 16%
Magic:  5/5        EV: 10    Int:  9    God:
Gold:   163        SH:  0    Dex: 12    Spells: 0 memorised, 4 levels left

rFire  . . .     SeeInvis .       - Unarmed
rCold  . . .     Gourm    .     a - +0 scale mail
rNeg   . . .     Faith    .     (no shield)
rPois  .         Spirit   .     (helmet restricted)
rElec  .         Dismiss  .     (no cloak)
rCorr  .         Reflect  .     (no gloves)
MR     +....     Harm     .     x - +0 pair of boots
Stlth  +.........               (no amulet)
                                l - ring of stealth
                                f - ring of protection from magic

@: lethally poisoned (-1 -> -14)
A: antennae 1, molten scales 2
a: no special abilities


You were on level 4 of the Dungeon.
You were very hungry.

You visited 1 branch of the dungeon, and saw 4 of its levels.

You collected 163 gold pieces.

Inventory:

Armour
 a - a +0 scale mail (worn)
 b - a +0 shield
 x - a +0 pair of boots (worn)
Jewellery
 f - a ring of protection from magic (left hand)
 l - a ring of stealth (right hand)
Scrolls
 g - a scroll of immolation {unknown}
 j - 2 scrolls of enchant armour {unknown}
 p - a scroll of fear {unknown}
 q - 2 scrolls of recharging {unknown}
 s - 3 scrolls of fog {unknown}
 t - 3 scrolls of identify {unknown}
 u - a scroll of noise {unknown}
 v - a scroll of amnesia {unknown}
 w - a scroll of remove curse {unknown}
Potions
 c - 2 potions of might
 e - a potion of ambrosia {unknown}
 i - a potion of brilliance {unknown}
 m - 4 potions of curing {unknown}
 n - 2 potions of agility {unknown}
 o - 2 potions of heal wounds {unknown}
Comestibles
 d - 2 bread rations
 h - a beef jerky
 k - 2 fruits
 r - 2 meat rations


   Skills:
 + Level 3.3 Fighting
 + Level 3.3 Armour
 + Level 1.0 Dodging
 + Level 0.2 Stealth
 - Level 2.6 Shields
 * Level 3.9 Unarmed Combat


You had 4 spell levels left.
You didn't know any spells.

Dungeon Overview and Level Annotations

Branches:
Dungeon (4/15)
 Temple: D:4-7

Altars:
Makhleb
Qazlal


Innate Abilities, Weirdness & Mutations

You have a pair of small antennae on your head.
You are mostly covered in molten scales. (AC +3)


Message History

You feel sick.
The worker ant bites you but does no damage.
The worker ant barely misses you.
You hit the worker ant.
The worker ant is almost dead.
* * * LOW HITPOINT WARNING * * *
You feel sick. The worker ant completely misses you.
You completely miss the worker ant.
The worker ant is almost dead.
* * * LOW HITPOINT WARNING * * *
You feel sick. The worker ant closely misses you.
You hit the worker ant.
The worker ant is almost dead.
* * * LOW HITPOINT WARNING * * *
You feel sick. The worker ant barely misses you.
You closely miss the worker ant.
The worker ant is almost dead.
* * * LOW HITPOINT WARNING * * *
You feel sick. The worker ant bites you.
You die...

#..###..#
#...#...#
#.......#
#...#...#
#...#...#
#...#..#
#####.#....#.##
#........@....#
#...#..###a...#
# #..## .....#
########.##
...<...
........##
.......
........##
.......
######...##
#......
#.......##
......
#.........#


You could see a worker ant.

Vanquished Creatures
  3 gnolls
  7 adders
  4 worms
  3 dart slugs
  An orc (D:3)
  A giant cockroach (D:1)
  6 goblins
  6 hobgoblins
  2 quokkas (D:3)
  2 ball pythons
  6 bats
  4 frilled lizards
  4 kobolds
  9 rats
58 creatures vanquished.

Notes
Turn   | Place    | Note
-------+----------+-------------------------------------------
     0 | D:1      | dobroeutro the Demonspawn Fighter began the quest for the Orb.
     0 | D:1      | Reached XP level 1. HP: 18/18 MP: 1/1
   205 | D:1      | Gained mutation: You have a pair of small antennae on your head. [demonic ancestry]
   205 | D:1      | Reached XP level 2. HP: 20/24 MP: 2/2
   693 | D:2      | Gained mutation: You are partially covered in molten scales. (AC +2) [demonic ancestry]
   693 | D:2      | Reached XP level 3. HP: 28/29 MP: 3/3
  1097 | D:2      | Found a stormy altar of Qazlal.
  1147 | D:2      | Reached XP level 4. HP: 34/35 MP: 4/4
  1522 | D:3      | Found a burning altar of Makhleb.
  1843 | D:2      | Reached skill level 1 in Dodging
  2167 | D:3      | Gained mutation: You are mostly covered in molten scales. (AC +3) [demonic ancestry]
  2167 | D:3      | Reached XP level 5. HP: 41/41 MP: 5/5
  2687 | D:4      | Slain by a worker ant

Vault maps used:
D:1:      tarquinn_simple_flora_water_a
D:2:      lemuel_round_altar
D:3:      lemuel_doored_altar, st_stairs_11
D:4:      lemuel_upstairs_altar, nicolae_ru_awakened_eye, first_bread,
          uniq_natasha

Skill      XL: |  1  2  3  4 |
---------------+-------------+-----
Unarmed Combat | 2 3 |  3.9
Armour         | 3 |  3.3
Dodging        | 1 |  1.0
Fighting       | |  3.3
Stealth        | |  0.2
Shields        | |  2.6

Action                   |  1- 3 |  4- 6 || total
-------------------------+-------+-------++-------
Melee: Unarmed           |   174 |   165 ||   339
       Punch             |     2 |     1 ||     3
  Eat: Chunk             |       |     5 ||     5
Armor: Scale mail        |    69 |    68 ||   137
Dodge: Dodged            |    78 |    80 ||   158
Block: Shield            |     1 |       ||     1
